 Dungeon Crawl Stone Soup version 0.17.0-28-g6e173f8 (console) character file.

620 Kloppie the Covered (level 7, -6/45 HPs)
             Began as a Gargoyle Fighter on Nov 29, 2015.
             Was a Follower of Elyvilon.
             Killed by divine providence
             ... invoked by an orc priest
              (14 damage)
             ... on level 5 of the Dungeon.
             The game lasted 00:06:20 (3625 turns).

Kloppie the Covered (Gargoyle Fighter)              Turns: 3625, Time: 00:06:20

Health: -6/45      AC: 16    Str: 25    XL:     7   Next: 46%
Magic:  7/7        EV:  6    Int:  8    God:    Elyvilon [*.....]
Gold:   190        SH:  9    Dex: 11    Spells: 0 memorised, 6 levels left

rFire  . . .     SeeInvis .     a - +1 flail
rCold  . . .     Clarity  .     h - -1 chain mail (curse)
rNeg   + . .     SustAt   .     c - +0 shield
rPois  ∞         Gourm    .     i - +0 helmet
rElec  +         Spirit   .     y - +0 cloak
rCorr  .         Warding  .     (no gloves)
rMut   .         Stasis   .     (no boots)
MR     .....                    (no amulet)
Stlth  ..........               (no ring)
                                (no ring)

@: mighty, not resistant to hostile enchantments, extremely unstealthy
A: negative energy resistance 1, electricity resistance, unbreathing,
petrification resistance, rot immunity, AC +4
a: Lesser Healing, Divine Protection, Renounce Religion


You were on level 5 of the Dungeon.
You worshipped Elyvilon.
Elyvilon was aware of your devotion.
You were not hungry.

You visited 2 branches of the dungeon, and saw 6 of its levels.

You collected 266 gold pieces.
You spent 76 gold pieces at shops.

Inventory:

Hand Weapons
 a - a +1 flail (weapon)
Armour
 b - a +0 scale mail
 c - a +0 shield (worn)
 h - a cursed -1 chain mail (worn)
 i - a +0 helmet (worn)
 y - a +0 cloak (worn)
Jewellery
 t - a +3 ring of evasion {unknown}
Scrolls
 j - 2 scrolls of identify
 k - a scroll of blinking
 l - 4 scrolls of remove curse {unknown}
 n - 2 scrolls of enchant armour {unknown}
 p - 5 scrolls of teleportation {unknown}
 u - 3 scrolls of noise {unknown}
 w - a scroll of recharging {unknown}
Potions
 f - a potion of heal wounds {unknown}
 g - a potion of lignification
 m - 2 potions of haste
 o - a potion of resistance
 s - 2 potions of curing
 v - 2 potions of mutation
 x - 2 potions of magic
Comestibles
 e - 3 bread rations
 q - a chunk of flesh
 r - a meat ration


   Skills:
 + Level 5.7 Fighting
 + Level 4.9 Maces & Flails
 + Level 6.0 Armour
 - Level 3.2 Shields


You had 6 spell levels left.
You didn't know any spells.

Dungeon Overview and Level Annotations

Branches:
Dungeon (5/15)             Temple (1/1) D:4

Altars:
Ashenzari
Cheibriados
Dithmenos
Elyvilon
Fedhas
Gozag
Kikubaaqudgha
Makhleb
Nemelex Xobeh
Okawaru
Qazlal
Ru
Sif Muna
Trog
Vehumet
Zin

Shops:
D:4 *


Innate Abilities, Weirdness & Mutations

You are resistant to torment.
Your stone body is resilient (AC +4).
You are immune to poison.
You resist negative energy.
You are resistant to electric shocks.
You can survive without breathing.
You are immune to petrification.
You are immune to rotting.


Message History

You see here a club.
You barely miss the orc priest. You block the orc priest's attack.
You hit the orc priest.
The orc priest is heavily wounded.
The orc priest hits you but does no damage.
You closely miss the orc priest.
The orc priest is heavily wounded.
You block the orc priest's attack.
You hit the orc priest.
The orc priest is heavily wounded.
The orc priest casts a cantrip, but nothing happens.
The orc priest hits you but does no damage.
You closely miss the orc priest.
The orc priest is heavily wounded.
The orc priest hits you but does no damage.
Drink which item? (? for menu, Esc to quit)
You feel very mighty all of a sudden.
The orc priest calls down the wrath of Beogh upon you.
Something smites you!
You die...

#. ###.###### ###
.......%# ...
..##.#.# #..
#.##.#.# #
#..##.##.#.###....
#..........)....#
##....@o..#####.#
####<##...#
#..........
####...#### ##.##
###


You could see an orc priest.

Vanquished Creatures
  2 phantoms (D:4)
  A giant frog (D:3)
  A scorpion (D:4)
  An orc priest (D:3)
  An iguana (D:4)
  2 worker ants (D:4)
  3 hounds (D:4)
  An orc wizard (D:4)
  4 adders
  A gnoll (D:1)
  2 oozes
  4 worms
  A giant gecko (D:2)
  6 orcs
  A ball python (D:2)
  A giant cockroach (D:3)
  4 goblins
  7 hobgoblins
  3 quokkas
  5 bats
  3 giant newts
  A kobold (D:2)
  4 rats
59 creatures vanquished.

Notes
Turn   | Place    | Note
--------------------------------------------------------------
     0 | D:1      | Kloppie the Gargoyle Fighter began the quest for the Orb.
     0 | D:1      | Reached XP level 1. HP: 14/14 MP: 1/1
   135 | D:1      | Reached XP level 2. HP: 17/19 MP: 2/2
   511 | D:1      | Reached XP level 3. HP: 23/23 MP: 3/3
   822 | D:2      | Found a bloodstained altar of Trog.
   822 | D:2      | Found a stormy altar of Qazlal.
   827 | D:2      | Found a deep blue altar of Sif Muna.
  1201 | D:2      | Reached skill level 4 in Armour
  1468 | D:3      | Noticed a giant frog
  1482 | D:3      | Killed a giant frog
  1482 | D:3      | Reached XP level 4. HP: 19/29 MP: 4/4
  1602 | D:3      | Reached XP level 5. HP: 31/33 MP: 5/5
  2091 | D:4      | Found a staircase to the Ecumenical Temple.
  2207 | Temple   | Entered the Ecumenical Temple
  2239 | Temple   | Became a worshipper of Elyvilon the Healer
  2469 | D:4      | Reached skill level 5 in Armour
  2469 | D:4      | Reached XP level 6. HP: 39/39 MP: 6/6
  2645 | D:4      | Reached skill level 5 in Fighting
  2772 | D:4      | Found Ixigoto's Assorted Antiques.
  2773 | D:4      | Noticed a phantom
  2841 | D:4      | Killed a phantom
  2841 | D:4      | Reached XP level 7. HP: 36/44 MP: 7/7
  2860 | D:4      | Bought a scroll labeled ITWUCA UBBUPH for 19 gold pieces
  2860 | D:4      | Bought a scroll labeled WEKUOFR FYWU for 19 gold pieces
  2860 | D:4      | Bought a scroll labeled JILYJA XUUNOE for 19 gold pieces
  2860 | D:4      | Bought a scroll labeled TEOMAZ JAURI for 19 gold pieces
  2960 | D:4      | Reached * piety under Elyvilon
  3151 | D:4      | Found a sparkling altar of Nemelex Xobeh.
  3290 | D:5      | Entered Level 5 of the Dungeon
  3573 | D:4      | Reached skill level 6 in Armour
  3625 | D:5      | Killed from afar by an orc priest

Action                   |  1- 3 |  4- 6 |  7- 9 || total
-------------------------+-------+-------+-------++-------
Melee: Flail             |   100 |   185 |    62 ||   347
  Use: Scroll            |       |       |    10 ||    10
       Potion            |       |       |     1 ||     1
  Eat: Chunk             |     1 |     5 |     2 ||     8
       Pizza             |       |       |     1 ||     1
